cohdb
Replays
Latest Replays
All Replays
Popular Replays
Top Player Replays
Match Explorer
How It Works
Community
CoH3 Stats
Reddit
Sign in to upload your games and track your stats! →
Sign in with Steam
Match 45120460
Unlisted
Match 45120460
Overview
Messages
Build Orders
End
Selects Italian Combined Arms Battlegroup
Selects Bersaglieri Squad
Bersaglieri Squad
Bersaglieri Squad
Construct Light Support Kompanie
Bersaglieri Squad
2.5-tonne Medical Truck
Selects Bersaglieri Bolster
Fire Support Elements
Pak 38 Anti-tank Gun Team
Veteran Squad Leaders
Selects Breda Model 30 Light Machine Guns
Construct Panzerarmee Kommand
Selects Semovente da 75/18 Assault Gun
Bersaglieri Squad
Walking Stuka Rocket Launcher
Selects Carro Armato M13/40 Light Tank
Walking Stuka Rocket Launcher
Selects Pact of Steel
Walking Stuka Rocket Launcher
Rapid Advance
Bersaglieri Squad
2.5-tonne Medical Truck
Sombra
Gleader
AngelRipper
Hummel
Juan Fe
Wyl
PayPerPaper
kty04_6
0
0
Comments
sign in to comment!
No comments posted yet!